Kradschützen Motorcycle Team
Selects Panzerjäger Kommand Battlegroup
Construct Light Support Kompanie
Panzerjäger Mechanized Group
Construct Mechanized Kompanie
Selects Crew Shock Tactics
Panzerjäger Mechanized Group
Selects Defensive Positions
Construct Panzerarmee Kommand
18-tonne Recovery Half-track
Selects Butterfly Bomb Drop
Selects Elefant Tank Destroyer
Construct Panzerarmee Kommand
Walking Stuka Rocket Launcher